 Dungeon Crawl Stone Soup version 0.27-a0-1065-ge809cff456 (webtiles) character file.

Game seed: 13523166580487780528

19153 Feb132020 the Geomancer (level 12, -1/70 HPs)
             Began as a Gargoyle Earth Elementalist on Apr 17, 2021.
             Was the Champion of Nemelex Xobeh.
             Slain by an orc warrior
             ... wielding a +0 war axe
              (13 damage)
             ... on level 1 of the Orcish Mines on Apr 22, 2021.
             The game lasted 01:44:48 (19509 turns).

Feb132020 the Geomancer (GrEE)                     Turns: 19509, Time: 01:44:49

Health: -1/70      AC: 17    Str: 13    XL:     12   Next: 66%
Magic:  10/26      EV: 13    Int: 20    God:    Nemelex Xobeh [******]
Gold:   378        SH:  0    Dex: 10    Spells: 10/31 levels left

rFire    + + +     SeeInvis .   F - +8 mace "Uguaquwo" {pain, rF++}
rCold    + + .     Faith    .   (no shield)
rNeg     + . .     Spirit   .   D - +2 robe {rC+ rF+}
rPois    ∞         Reflect  .   R - +2 hood of the Assassin {Detection Stab+ Stlth++}
rElec    +         Harm     .   d - scarf {repulsion}
rCorr    .         Rampage  .   K - +1 pair of gloves
Will     .....                  B - +0 pair of boots
Stlth    +++++.....             L - amulet of the acrobat
HPRegen  0.21/turn              s - ring of protection from cold
MPRegen  0.20/turn              (no ring)

@: repel missiles
A: AC +8, negative energy resistance 1, electricity resistance, torment
resistance 1, unbreathing 1, petrification resistance
a: Renounce Religion, Draw Escape, Draw Destruction, Draw Summoning, Draw Stack,
Triple Draw, Deal Four, Stack Five


You were on level 1 of the Orcish Mines.
You worshipped Nemelex Xobeh.
Nemelex Xobeh was exalted by your worship.
You visited 4 branches of the dungeon, and saw 17 of its levels.
You also visited: Sewer.

You collected 1306 gold pieces.
You spent 928 gold pieces at shops.

Inventory:

Hand Weapons
 h - a +3 short sword of flaming
 y - a +1 vorpal flail
 E - the +8 halberd of Resourcefulness {freeze, +Rage rN+ MP-9}
   (You found it on level 6 of the Dungeon)

   It has been specially enchanted to freeze those struck by it, causing extra
   injury to most foes and up to half again as much damage against particularly
   susceptible opponents.
   It can also slow down cold-blooded creatures.
   It protects you from negative energy.
   It affects your magic capacity (-9).
   It lets you go berserk.
 F - the +8 mace "Uguaquwo" (weapon) {pain, rF++}
   (You found it on level 8 of the Dungeon)

   In the hands of one skilled in necromantic magic, it inflicts extra damage on
   living creatures.
   It greatly protects you from fire.
 G - a +3 flail of freezing
Missiles
 b - 225 stones
Armour
 c - a +1 robe
 d - a scarf of repulsion (worn)
 q - a scarf of invisibility
 B - a +0 pair of boots (worn)
 D - a +2 robe of resistance (worn)
 K - a +1 pair of gloves (worn)
 N - a +1 hat of see invisible
 R - the +2 hood of the Assassin (worn) {Detection Stab+ Stlth++}
   (You bought it in a shop on level 9 of the Dungeon)

   It makes you much more stealthy.
Jewellery
 s - a ring of protection from cold (left hand)
 I - a ring of fire
 L - an amulet of the acrobat (around neck)
Wands
 k - a wand of mindburst (15)
 n - a wand of polymorph (18)
 H - a wand of acid (9)
 J - a wand of iceblast (15)
 Q - a wand of paralysis (5)
Scrolls
 a - 5 scrolls of identify
 j - 2 scrolls of fog
 o - 3 scrolls of summoning
 p - a scroll of enchant armour
 r - a scroll of fear
 t - 4 scrolls of teleportation
 A - 5 scrolls of blinking
 C - 2 scrolls of amnesia
 M - a scroll of brand weapon
 O - a scroll of magic mapping
 P - a scroll of enchant weapon
Potions
 e - a potion of heal wounds
 f - 3 potions of cancellation
 g - 5 potions of curing
 i - 4 potions of lignification
 l - a potion of ambrosia
 m - 3 potions of might
 u - 2 potions of flight
 v - 2 potions of invisibility
 w - 2 potions of berserk rage
 x - a potion of magic
 z - 4 potions of haste


   Skills:
 + Level 6.0 Fighting
 + Level 6.6 Maces & Flails
 + Level 5.6 Dodging
 + Level 5.9 Stealth
 + Level 10.4 Spellcasting
 * Level 7.5 Conjurations
 + Level 1.5 Transmutations
 + Level 12.5 Earth Magic
 + Level 1.3 Invocations
 + Level 0.2 Evocations


You had 10 spell levels left.
You knew the following spells:

 Your Spells              Type           Power      Damage    Failure   Level
a - Magic Dart            Conj           100%       1d8       1%          1
b - Stone Arrow           Conj/Erth      100%       3d13      1%          3
c - Petrify               Tmut/Erth      38%        N/A       3%          4
i - Iskenderun's Battles  Conj           40%        2d9       9%          5
l - Lee's Rapid Deconstr  Erth           28%        3d16*     1%          5
p - Passwall              Tmut/Erth      31%        N/A       1%          2
s - Sandblast             Erth           100%       2d20      1%          1

Your spell library contained the following spells:

 Spells                   Type           Power      Damage    Failure   Level
 Searing Ray              Conj           80%        3d6       1%          2
 Conjure Flame            Conj/Fire      25%        6-21      4%          3
 Dazzling Flash           Conj/Hex       50%        N/A       4%          3
 Mephitic Cloud           Conj/Pois/Air  20%        N/A       7%          3
 Poisonous Vapours        Pois/Air       20%        N/A       10%         2
 Bolt of Magma            Conj/Fire/Erth 18%        4d10      12%         5
 Fulminant Prism          Conj/Hex       12%        3d9       14%         4
 Iskenderun's Mystic Bla  Conj/Tloc      25%        2d7       14%         4
 Iron Shot                Conj/Erth      25%        9d5       16%         6
 Confusing Touch          Hex            10%        N/A       21%         3
 Gell's Gravitas          Tloc           5%         N/A       21%         3
 Irradiate                Conj/Tmut      14%        3d18      28%         5
 Yara's Violent Unravell  Hex/Tmut       6%         3d5       80%         5
 Metabolic Englaciation   Hex/Ice        5%         N/A       88%         5
 Orb of Destruction       Conj           20%        9d9       94%         7
 Freezing Cloud           Conj/Ice/Air   10%        6-21      98%         6
 Blade Hands              Tmut           8%         N/A       99%         6
 Dragon Form              Tmut           8%         N/A       100%        7
 Spellforged Servitor     Conj/Summ      12%        N/A       100%        7
 Statue Form              Tmut/Erth      Unusable   N/A       N/A         6

Dungeon Overview and Level Annotations

Branches:
Dungeon (10/15)            Temple (1/1) D:7            Lair (5/6) D:10
  Snake (0/4) Lair:2          Orc (1/2) D:9           Sewer (visited)
  Swamp: Lair:2-4    Shoals: Lair:2-4     Slime: Lair:5-6

Altars:
Ashenzari
Cheibriados
Dithmenos
Elyvilon
Fedhas
Gozag
Hepliaklqana
Kikubaaqudgha
Makhleb
Nemelex Xobeh
Okawaru
Qazlal
Ru
Sif Muna
Trog
Uskayaw
Vehumet
Wu Jian
Xom
Yredelemnul
Zin
The Shining One

Shops:
D:5 [   D:7 =   D:9 ([   Orc:1 (*[

Annotations:
D:3 2 transporters, celly00's ghost, amateur NaVM
D:9 3 transporters, Zigma's ghost, novice DrTm


Innate Abilities, Weirdness & Mutations

Your stone body is resilient. (AC +8)
You are immune to poison.
You resist negative energy. (rN+)
You are resistant to electric shocks. (rElec)
You are resistant to unholy torment.
You can survive without breathing.
You are immune to petrification.


Message History

Confirm with . or Enter, or press ? or * to list all spells.
Aiming: Lee's Rapid Deconstruction (dangerous; 1% risk of failure)
Press: ? - help, Dir - move target An orcish idol.
The stone idol shatters!
The blast of rock fragments hits the orc warrior!!
You kill the orc warrior!
The blast of rock fragments hits the orc high priest!
The orc high priest is heavily wounded.
You hear a shout!
Casting: Lee's Rapid Deconstruction (dangerous; 1% risk of failure)
Confirm with . or Enter, or press ? or * to list all spells.
Aiming: Lee's Rapid Deconstruction (dangerous; 1% risk of failure)
Press: ? - help, Dir - move target An orcish idol.
The stone idol shatters!
The blast of rock fragments hits the orc warrior!
The orc warrior is heavily wounded.
The blast of rock fragments hits the orc high priest!
The orc high priest is heavily wounded.
The orc high priest mumbles some strange prayers to Beogh.
The orc warrior closely misses you.
The orc priest casts a cantrip, but nothing happens.
The orc high priest invokes the aid of Beogh against you.
Beogh smites you!
The ynoxinul gestures.
The orc priest calls down the wrath of Beogh upon you.
Beogh smites you! The orc warrior completely misses you.
The orc priest casts a cantrip, but nothing happens.
The orc high priest mumbles some strange prayers to Beogh against you.
Beogh smites you!
The ynoxinul gestures.
The orc priest calls down the wrath of Beogh upon you.
Beogh smites you!
* * * LOW HITPOINT WARNING * * *
There is an entrance to Ydiris's Armour Shoppe here.
There is a staircase back to the Dungeon here.
The orc warrior hits you with a +0 war axe!
You die...
Your body glows with a rainbow of weird colours and disappears.

..3.#....#..####....#
...#.....3...#.....##
.......#.#.......#.##
......).........#...#
..>......o..........##
.....................#
...........#5#...##.##
..............5......#
............o.4o@##.##
............o..o#####
....>............#
..............#.##
.............####
.........#....#
)............#.
.).......##.....
..........#....


You could see an orc high priest, an ice devil (summoned), a ynoxinul
(summoned), 3 orc warriors, an orc and 2 ufetubi.

Vanquished Creatures
  An ettin (Orc:1)
  2 hydras
  A deep elf zephyrmancer (D:7)
  2 oklob plants (Lair:1)
  A cyclops (Orc:1)
  2 black mambas (Lair:4)
  3 cane toads
  4 komodo dragons
  2 polar bears
  2 trolls
  A queen bee (shapeshifter) (D:10)
  9 blink frogs
  A vampire (D:10)
  2 wyverns
  12 yaks
  A wraith (D:9)
  A steam dragon (Lair:2)
  6 nagas (Lair:2)
  12 water moccasins
  Duvessa (D:6)
  A floating eye (Lair:2)
  A hornet zombie (D:9)
  2 orc warriors (Orc:1)
  2 sky beasts
  2 ogres
  4 wolves
  3 centaurs
  2 phantoms
  A kobold brigand (D:8)
  15 bullfrogs
  A gnoll sergeant (D:9)
  4 scorpions
  A water moccasin zombie (D:7)
  Dowan (D:6)
  4 wights (D:8)
  8 killer bees (D:9)
  5 howler monkeys
  2 centaur zombies
  A gnoll shaman (D:5)
  2 hounds
  6 orc priests
  A centaur skeleton (D:7)
  3 iguanas
  5 orc wizards
  2 scorpion zombies (D:5)
  A howler monkey zombie (D:7)
  A howler monkey skeleton (D:5)
  10 gnolls
  7 adders
  2 river rats (D:3)
  4 white imps
  3 worms
  2 dart slugs (D:4)
  33 orcs
  12 bats
  17 endoplasms
  5 goblins
  6 hobgoblins
  9 jackals
  4 quokkas
  9 ball pythons
  9 frilled lizards
  15 kobolds
  8 rats
  A spectral orc (D:7)
  A butterfly (Lair:1)
304 creatures vanquished.

Vanquished Creatures (collateral kills)
  Gastronok (Lair:1)
  An unseen horror (Lair:2)
  Edmund (D:4)
  2 orc warriors
  A bullfrog (Lair:2)
  An orc priest (Orc:1)
  2 orcs (Orc:1)
  A jackal (D:5)
10 creatures vanquished.

Vanquished Creatures (others)
  45 fungi
  34 plants
79 creatures vanquished.

Grand Total: 393 creatures vanquished

Notes
Turn   | Place    | Note
-------+----------+-------------------------------------------
     0 | D:1      | Feb132020 the Gargoyle Earth Elementalist began the quest
                  | for the Orb.
     0 | D:1      | Reached XP level 1. HP: 10/10 MP: 3/3
   493 | D:1      | Reached XP level 2. HP: 15/15 MP: 3/5
   495 | D:1      | Reached skill level 4 in Earth Magic
  1104 | D:1      | Learned a level 2 spell: Passwall
  1126 | D:1      | Reached XP level 3. HP: 17/19 MP: 6/6
  1351 | D:1      | Found a faded altar of an unknown god.
  1796 | D:2      | Found a sparkling altar of Nemelex Xobeh.
  1815 | D:2      | Became a worshipper of Nemelex Xobeh the Trickster
  1972 | D:2      | Reached XP level 4. HP: 24/24 MP: 7/7
  1976 | D:2      | Learned a level 3 spell: Stone Arrow
  2067 | D:2      | Reached skill level 5 in Earth Magic
  2198 | D:3      | Found a glowing drain.
  2210 | D:3      | You fall into a shaft and drop 2 floors!
  2210 | D:5      | Entered Level 5 of the Dungeon
  2211 | D:5      | Noticed an ogre
  2214 | D:5      | Killed an ogre
  2215 | D:5      | Reached XP level 5. HP: 24/28 MP: 5/9
  2362 | D:4      | Reached * piety under Nemelex Xobeh
  2528 | D:4      | Received a gift from Nemelex Xobeh
  2536 | D:4      | Reached XP level 6. HP: 33/33 MP: 5/11
  2571 | D:4      | Found a burning altar of Makhleb.
  2576 | D:4      | Reached skill level 1 in Fighting
  2611 | D:4      | Reached skill level 6 in Earth Magic
  2721 | Sewer    | Entered a sewer
  3246 | Sewer    | Reached ** piety under Nemelex Xobeh
  3450 | D:3      | Found a transporter.
  3551 | D:3      | Found a transporter.
  3629 | D:3      | Received a gift from Nemelex Xobeh
  4019 | D:3      | Noticed celly00's ghost (amateur NaVM)
  4109 | D:3      | Found a sparkling altar of Nemelex Xobeh.
  4386 | D:4      | Reached XP level 7. HP: 34/38 MP: 6/12
  4392 | D:4      | Learned a level 5 spell: Lee's Rapid Deconstruction
  4718 | D:4      | Noticed Edmund
  4750 | D:4      | Identified the +1 trident "Leqykam" {flame, rPois rF-
                  | Str+3}
  4765 | D:4      | Killed Edmund
  5376 | D:5      | Found a glowing golden altar of the Shining One.
  5471 | D:5      | Found a shadowy altar of Dithmenos.
  5480 | D:5      | Reached *** piety under Nemelex Xobeh
  6138 | D:5      | Reached skill level 7 in Earth Magic
  6197 | D:5      | Found Tik Caef's Antique Armour Emporium.
  6244 | D:5      | Bought an embroidered robe for 88 gold pieces
  6384 | D:5      | Reached skill level 5 in Stealth
  6384 | D:5      | Reached XP level 8. HP: 44/44 MP: 10/15
  6392 | D:5      | Reached skill level 1 in Transmutations
  6595 | D:6      | Identified the +8 halberd of Resourcefulness {freeze, +Rage
                  | rN+ MP-9}
  6829 | D:6      | Reached skill level 5 in Spellcasting
  6966 | D:6      | Received a gift from Nemelex Xobeh
  7086 | D:6      | Noticed Duvessa
  7096 | D:6      | Killed Duvessa
  7096 | D:6      | Noticed Dowan
  7206 | D:6      | Reached **** piety under Nemelex Xobeh
  7264 | D:6      | Killed Dowan
  7451 | D:6      | Reached skill level 8 in Earth Magic
  7624 | D:7      | Received a gift from Nemelex Xobeh
  7727 | D:7      | Found a radiant altar of Vehumet.
  8211 | D:7      | Reached XP level 9. HP: 42/49 MP: 18/18
  8256 | D:7      | Received a gift from Nemelex Xobeh
  8268 | D:7      | Found a staircase to the Ecumenical Temple.
  8354 | D:7      | Found Hofuci's Jewellery Shoppe.
  8495 | D:7      | Found a basalt altar of Yredelemnul.
  8565 | D:7      | Reached skill level 9 in Earth Magic
  8735 | D:7      | Reached skill level 1 in Conjurations
  8822 | Temple   | Entered the Ecumenical Temple
  9202 | D:7      | Noticed a deep elf zephyrmancer
  9210 | D:7      | Killed a deep elf zephyrmancer
  9267 | D:7      | Upgraded the game from 0.27-a0-998-g4cfe56dd59 to
                  | 0.27-a0-1026-gbab068f60c
  9301 | D:8      | Identified the +8 mace "Uguaquwo" {pain, rF++}
  9747 | D:8      | Reached skill level 10 in Earth Magic
  9939 | D:8      | Received a gift from Nemelex Xobeh
  9956 | D:8      | Learned a level 1 spell: Magic Dart
 10624 | D:9      | Found a transporter.
 10632 | D:9      | Reached skill level 1 in Maces & Flails
 10773 | D:9      | Reached XP level 10. HP: 56/56 MP: 19/21
 10893 | D:9      | Found Otuej's Armour Shoppe.
 10893 | D:9      | Found a staircase to the Orcish Mines.
 10893 | D:9      | Found Mouva's Weapon Shoppe.
 11413 | D:9      | Found a transporter.
 11414 | D:9      | Noticed a two-headed ogre
 11415 | D:9      | Noticed a two-headed ogre
 11417 | D:9      | Noticed Zigma's ghost (novice DrTm)
 11454 | D:9      | Received a gift from Nemelex Xobeh
 12145 | D:9      | Found a stormy altar of Qazlal.
 12146 | D:9      | Found an ancient bone altar of Kikubaaqudgha.
 12280 | D:9      | Reached ***** piety under Nemelex Xobeh
 12457 | D:9      | Found a transporter.
 12486 | D:9      | Upgraded the game from 0.27-a0-1026-gbab068f60c to
                  | 0.27-a0-1046-g98bf31544f
 12495 | D:10     | Entered Level 10 of the Dungeon
 12699 | D:10     | Reached skill level 1 in Invocations
 12768 | D:10     | Found a staircase to the Lair.
 12986 | D:10     | Reached skill level 11 in Earth Magic
 13242 | D:10     | Reached XP level 11. HP: 57/60 MP: 24/24
 13581 | Lair:1   | Entered Level 1 of the Lair of Beasts
 14409 | Lair:1   | Reached skill level 5 in Maces & Flails
 14586 | Lair:1   | Received a gift from Nemelex Xobeh
 14722 | Lair:1   | Received a gift from Nemelex Xobeh
 14811 | Lair:1   | Noticed an oklob plant
 14812 | Lair:1   | Noticed an oklob plant
 14929 | Lair:1   | Killed an oklob plant
 14930 | Lair:1   | Reached skill level 5 in Fighting
 15106 | Lair:1   | Killed an oklob plant
 15231 | Lair:1   | Reached skill level 5 in Dodging
 15421 | Lair:1   | Received a gift from Nemelex Xobeh
 15441 | Lair:1   | Identified a scroll of acquirement
 15441 | Lair:1   | Acquired a book of Power
 15448 | Lair:1   | Learned a level 4 spell: Petrify
 15664 | Lair:1   | Noticed Gastronok
 15696 | Lair:2   | Acquired an amulet of the acrobat
 15788 | Lair:2   | Received a gift from Nemelex Xobeh
 15986 | Lair:1   | Killed Gastronok
 15987 | Lair:1   | Reached skill level 5 in Conjurations
 16233 | Lair:1   | Upgraded the game from 0.27-a0-1046-g98bf31544f to
                  | 0.27-a0-1065-ge809cff456
 16482 | Lair:2   | Found a staircase to the Snake Pit.
 16512 | Lair:2   | Received a gift from Nemelex Xobeh
 16515 | Lair:2   | Noticed an orb spider
 16515 | Lair:2   | a yak changed into an orb spider
 16516 | Lair:2   | an orb spider changed into an unseen horror
 16819 | Lair:2   | Reached skill level 12 in Earth Magic
 16899 | Lair:2   | Noticed a five-headed hydra
 16903 | Lair:2   | Killed a five-headed hydra
 16904 | Lair:2   | Reached XP level 12. HP: 68/68 MP: 10/25
 17082 | Lair:2   | Learned a level 5 spell: Iskenderun's Battlesphere
 17356 | Lair:2   | Reached skill level 10 in Spellcasting
 17738 | Lair:3   | Received a gift from Nemelex Xobeh
 17738 | Lair:3   | Noticed a six-headed hydra
 17771 | Lair:3   | You fall into a shaft and drop 2 floors!
 18236 | Lair:4   | Noticed an eight-headed hydra
 18254 | Lair:4   | Killed an eight-headed hydra
 18738 | Lair:4   | Received a gift from Nemelex Xobeh
 18978 | Lair:3   | Reached ****** piety under Nemelex Xobeh
 19076 | D:9      | Bought the +2 hood of the Assassin {Detection Stab+
                  | Stlth++} for 840 gold pieces
 19076 | D:9      | Found the +2 hood of the Assassin {Detection Stab+ Stlth++}
 19089 | Orc:1    | Entered Level 1 of the Orcish Mines
 19089 | Orc:1    | Found Ydiris's Armour Shoppe.
 19089 | Orc:1    | Received a gift from Nemelex Xobeh
 19125 | Orc:1    | Found a radiant altar of Vehumet.
 19127 | Orc:1    | Noticed an ettin
 19138 | Orc:1    | Killed an ettin
 19376 | Orc:1    | Found Wafud's Assorted Antiques.
 19446 | Orc:1    | Found Xal Kiex's Weapon Emporium.
 19481 | Orc:1    | Noticed an orc high priest
 19509 | Orc:1    | Slain by an orc warrior

Illustrated notes

Levels and vault maps discovered:
D:1:      amcnicky_arrival_flooded_fountain, layout_loops_corners,
          shapermc_ecumenical_altar_notcrosses, serial_aquarium,
          aquarium_bridge_square [aquarium_subvault_wall,
          aquarium_subvault_wall, aquarium_subvault_bridge,
          aquarium_subvault_bridge], aquarium_window_1, aquarium_window_1,
          aquarium_window_corner, aquarium_window_fake, aquarium_view_2f,
          aquarium_pool_2
D:2:      layout_basic, basic_altar, hex_large, minmay_tromino_v4_a
D:3:      layout_basic, nemelex_dance_club_becter,
          gammafunk_ghost_abyssal_escape, portal_sewer_entry_a
D:4:      layout_basic, makhleb_blood_cavern_becter, uniq_edmund
D:5:      layout_basic, nicolae_overflow_hidden_temple, serial_shops,
          shop_statue
D:6:      layout_gridville, nrook_campfire, uniq_duvessa
D:7:      layout_basic, yredelemnul_forgotten_temple_becter, lemuel_tele_altar,
          minmay_temple_entry_arrows, serial_shops, shop, grunt_decor_clamped,
          guppyfry_early_elven_hall
D:8:      layout_cave_pods
D:9:      gammafunk_beogh_shrine, layout_irregular_city, minitemple,
          orc_david_3, gammafunk_ghost_smash
D:10:     layout_long_grid, due_lair_maze_entry_diamond
Temple:   dpeg_chambers_temple
Lair:1:   layout_regular_city, lemuel_fruit_fields, grunt_megastairs_5,
          lemuel_fruit_tree, minmay_lair_oklob_chamber, serial_bayou_shore_b,
          infiniplex_staircase_pool, serial_bayou_shore_b, serial_bayou_shore_b,
          uniq_gastronok
Lair:2:   layout_cave_shapes, minmay_snake_entry_guardpost_medium,
          infiniplex_staircase_pool_2, grunt_megastairs_4
Lair:3:   layout_hall_layers
Lair:4:   layout_long_grid, minmay_shoals_entry_lonely_mermaid
Lair:5:   regret_index_tunnel_blossom, layout_cave_pods,
          minmay_slime_entry_oklob_open, amcnicky_altar_lugonu_corruption
Orc:1:    layout_caves, serial_shops, nicolae_shop_crystal,
          nicolae_shop_waterfront, shop, basic_altar, bh_open_orc_temple

Skill      XL: |  1  2  3  4  5  6  7  8  9 10 11 12 |
---------------+-------------------------------------+-----
Earth Magic    | 4 5 6 7 8 10 11 12 | 12.5
Dodging        | 2 3 4 5 |  5.6
Stealth        | 3 4 5 |  5.9
Spellcasting   | 3 4 6 7 9 10 | 10.4
Fighting       | 1 2 3 5 6 |  6.0
Transmutations | 1 |  1.5
Conjurations   | 1 4 6 7 |  7.5
Maces & Flails | 1 4 6 |  6.6
Invocations    | 1 |  1.3
Evocations     | |  0.2

Action                   |  1- 3 |  4- 6 |  7- 9 | 10-12 || total
-------------------------+-------+-------+-------+-------++-------
Melee: Short sword       |    53 |   133 |   130 |       ||   316
       Mace              |       |       |    39 |   278 ||   317
 Cast: Sandblast         |    23 |    44 |    93 |    35 ||   195
       Passwall          |       |     2 |     7 |     2 ||    11
       Stone Arrow       |       |       |    20 |    87 ||   107
       Magic Dart        |       |       |    11 |   103 ||   114
       Lee's Rapid Decon |       |       |     3 |    13 ||    16
       Petrify           |       |       |       |     1 ||     1
       Iskenderun's Batt |       |       |       |     2 ||     2
Invok: Draw Summoning    |       |       |     2 |     6 ||     8
       Draw Destruction  |       |       |     6 |    18 ||    24
       Stack Five        |       |       |       |     1 ||     1
       Draw Stack        |       |       |       |     1 ||     1
Evoke: Wand              |       |       |     2 |     2 ||     4
  Use: Potion            |     1 |     1 |       |     1 ||     3
       Scroll            |     3 |     9 |     8 |     7 ||    27
 Stab: Sleeping          |     3 |    13 |     7 |     3 ||    26
       Petrified         |       |       |       |     3 ||     3
Armor: Robe              |     9 |    53 |    82 |   178 ||   322
Dodge: Dodged            |    30 |   114 |   133 |   280 ||   557
       Repelled          |       |       |     3 |     1 ||     4

Table legend: (Time is in decaauts)
 A = Elapsed time spent in this place.
 B = Non-inter-level travel time spent in this place.
 C = Inter-level travel time spent in this place.
 D = Time resting spent in this place.
 E = Time spent auto-exploring this place.
 F = Levels seen in this place.
 G = Mean time per level.
                   A        B        C        D        E       F      G
               +--------+--------+--------+--------+--------+-----+--------+
         Total |  19735 |  19155 |    580 |   1046 |  15067 |  18 | 1096.4 |
       Dungeon |  13609 |  13182 |    427 |    520 |  10502 |  10 | 1360.9 |
        Temple |    231 |    208 |     23 |      0 |    208 |   1 |  231.0 |
          Lair |   4721 |   4592 |    129 |    524 |   3482 |   5 |  944.2 |
  Orcish Mines |    421 |    421 |      0 |      0 |    303 |   1 |  421.0 |
         Sewer |    750 |    750 |      0 |      2 |    571 |   1 |  750.0 |
               +--------+--------+--------+--------+--------+-----+--------+

Top non-repeatable levels by time:
     D:9: 1982 daAuts
    D:10: 1862 daAuts
  Lair:1: 1798 daAuts
  Lair:2: 1692 daAuts
     D:4: 1577 daAuts
     D:7: 1459 daAuts
     D:1: 1418 daAuts
     D:5: 1325 daAuts
     D:6: 1199 daAuts
     D:8: 1061 daAuts
     D:3: 957 daAuts
  Lair:4: 930 daAuts
     D:2: 766 daAuts
   Sewer: 750 daAuts
   Orc:1: 421 daAuts
